 Dungeon Crawl Stone Soup version 0.25-a0-1078-gea6e5d949a (webtiles) character file.

Game seed: 1623953248778483538, levelgen mode: deterministic

551029 Morbidden the Hoplite (level 25, -2/206 HPs)
             Began as a Demonspawn Fighter on May 15, 2020.
             Was the Champion of Cheibriados.
             Blown up by Boris (6 damage)
             ... with a wavering orb of destruction
             ... on level 5 of the Vaults.
             The game lasted 03:16:51 (68799 turns).

Morbidden the Hoplite (Demonspawn Fighter)         Turns: 68799, Time: 03:16:52

Health: -2/206     AC: 41    Str: 35    XL:     25   Next: 55%
Magic:  33/33      EV: 14    Int: 25    God:    Cheibriados [******]
Gold:   6690       SH:  0    Dex: 38    Spells: 37/37 levels left

rFire    + + +     SeeInvis .   a - +1 long sword (elec)
rCold    + . .     Gourm    .   c - +8 tower shield {reflect}
rNeg     + + +     Faith    .   p - +4 gold dragon scales
rPois    +         Spirit   .   B - +0 helmet
rElec    +         Reflect  +   C - +2 cloak {rPois}
rCorr    .         Harm     .   o - +0 pair of gloves "Bojoung" {rElec Str-5 Int-3 Dex+10}
MR       +....     Clarity  +   (boots unavailable)
Stlth    ..........             X - macabre finger necklace {rN+}
HPRegen  0.44/turn              Z - ring "Xall" {rF+ rN+ Str-2 Slay+5}
MPRegen  0.23/turn              U - +4 ring of evasion
                                R - ring of Robustness {AC+8}

@: petrifying (expiring), marked, corroded, very slow
A: hooves 3, iridescent scales 3, clarity, clever 1, demonic guardian 3, fire
resistance 1, negative energy resistance 1, spiny 3
}: 2/15 runes: barnacled, gossamer
a: Bend Time, Temporal Distortion, Slouch, Step From Time, Renounce Religion


You were on level 5 of the Vaults.
You worshipped Cheibriados.
Cheibriados was exalted by your worship.
You were hungry.

You visited 10 branches of the dungeon, and saw 48 of its levels.
You visited the Abyss 4 times.
You also visited: Gauntlet and Ice Cave.

You collected 7607 gold pieces.
You spent 917 gold pieces at shops.

Inventory:

Hand Weapons
 a - a +1 long sword of electrocution (weapon)
 b - a +3 dagger of venom
 N - a +3 demon blade
Missiles
 k - 13 silver boomerangs
 r - 5 curare-tipped darts
 s - 51 javelins
 t - 30 boomerangs (quivered)
 w - 15 silver javelins
 Q - 8 throwing nets
Armour
 c - a +8 tower shield of reflection (worn)
 m - a +2 pair of gloves of archery
 o - the +0 pair of gloves "Bojoung" (worn) {rElec Str-5 Int-3 Dex+10}
   (You found it on level 5 of the Lair of Beasts)

   It affects your strength (-5).
   It affects your intelligence (-3).
   It affects your dexterity (+10).
   It insulates you from electricity.
 p - +4 gold dragon scales (worn)
 B - a +0 helmet (worn)
 C - a +2 cloak of poison resistance (worn)
Jewellery
 y - the ring "Door" {Wiz rF+ Int+6}
   (You took it off a rakshasa on level 4 of the Depths)

   [ring of wizardry]

   It improves your spell success rate.
   It affects your intelligence (+6).
   It protects you from fire.
 H - the ring of Dunlat {rC+ rN+}
   (You found it on level 3 of the Crypt)

   [ring of positive energy]

   It protects you from cold.
   It protects you from negative energy.
 R - the ring of Robustness (on amulet) {AC+8}
   (You found it on level 3 of the Crypt)

   [ring of protection]

   It affects your AC (+8).
 U - a +4 ring of evasion (right hand)
 X - the macabre finger necklace (around neck) {rN+}
   (You took it off a deep elf death mage on level 3 of the Elven Halls)

   [amulet of nothing]

   It protects you from negative energy.
 Y - an uncursed ring of protection from fire
 Z - the ring "Xall" (left hand) {rF+ rN+ Str-2 Slay+5}
   (You found it on level 3 of the Crypt)

   [ring of positive energy]

   It affects your strength (-2).
   It affects your accuracy and damage with ranged weapons and melee attacks
   (+5).
   It protects you from fire.
   It protects you from negative energy.
Wands
 F - a wand of clouds (6)
 I - a wand of flame (9)
 K - a wand of digging (13)
 L - a wand of iceblast (59)
 P - a wand of acid (31)
 V - a wand of paralysis (13)
 W - a wand of disintegration (25)
Scrolls
 e - 15 scrolls of teleportation
 g - 17 scrolls of remove curse
 l - 7 scrolls of magic mapping
 n - a scroll of blinking
 G - 2 scrolls of enchant weapon
 J - 5 scrolls of fear
 O - 10 scrolls of identify
 T - a scroll of silence
Potions
 d - 14 potions of might
 h - 7 potions of magic
 i - 19 potions of curing
 j - 5 potions of ambrosia
 q - a potion of brilliance
 u - 8 potions of mutation
 v - 3 potions of resistance
 A - 5 potions of flight
 D - 4 potions of invisibility
 E - 4 potions of stabbing
 S - 3 potions of cancellation
Miscellaneous
 x - 3 boxes of beasts
 M - 3 phantom mirrors
Comestibles
 f - 81 rations
 z - 3 chunks of flesh


   Skills:
 * Level 18.9 Fighting
 - Level 5.4(10.5) Short Blades
 - Level 13.6(14.0) Long Blades
 + Level 14.2 Throwing
 * Level 15.1 Armour
 * Level 11.3 Dodging
 + Level 4.1 Stealth
 + Level 25.2 Shields
 * Level 6.5 Spellcasting
 + Level 13.8 Invocations
 + Level 1.2 Evocations


You had 37 spell levels left.
You didn't know any spells.
Your spell library contained the following spells:

 Spells                   Type           Power        Failure   Level  Hunger
 Animate Skeleton         Necr           N/A          61%         1    None
 Apportation              Tloc           #.....       61%         1    None
 Corona                   Hex            #......      61%         1    None
 Freeze                   Ice            #...         61%         1    None
 Magic Dart               Conj           #...         61%         1    None
 Pain                     Necr           #...         61%         1    None
 Shock                    Conj/Air       #...         61%         1    None
 Summon Butterflies       Summ           #.......     61%         1    None
 Summon Small Mammal      Summ           #...         61%         1    None
 Blink                    Tloc           N/A          75%         2    None
 Call Imp                 Summ           #.......     75%         2    None
 Corpse Rot               Necr/Air       N/A          75%         2    None
 Ensorcelled Hibernation  Hex/Ice        #.....       75%         2    None
 Passwall                 Tmut/Erth      #.......     75%         2    None
 Poisonous Vapours        Pois/Air       #.....       75%         2    None
 Slow                     Hex            #.......     75%         2    None
 Sublimation of Blood     Necr           #.........   75%         2    None
 Swiftness                Chrm/Air       #.......     75%         2    None
 Call Canine Familiar     Summ           #.......     93%         3    None
 Confusing Touch          Hex            #.......     93%         3    None
 Conjure Flame            Conj/Fire      #.......     93%         3    None
 Dazzling Flash           Conj/Hex       #.....       93%         3    None
 Frozen Ramparts          Ice            #.....       93%         3    None
 Inner Flame              Hex/Fire       #.......     93%         3    None
 Lesser Beckoning         Tloc           #.........   93%         3    None
 Mephitic Cloud           Conj/Pois/Air  #.......     93%         3    None
 Ozocubu's Armour         Chrm/Ice       #.......     93%         3    None
 Portal Projectile        Hex/Tloc       #.....       93%         3    None
 Recall                   Summ/Tloc      N/A          93%         3    None
 Summon Guardian Golem    Hex/Summ       #.......     93%         3    None
 Tukima's Dance           Hex            #.......     93%         3    None
 Vampiric Draining        Necr           #.........   93%         3    None
 Animate Dead             Necr           N/A          100%        4    ###....
 Cause Fear               Hex            #.........   100%        4    ###....
 Dispel Undead            Necr           #.......     100%        4    ###....
 Fulminant Prism          Conj/Hex       #.........   100%        4    ###....
 Hailstorm                Conj/Ice       #.......     100%        4    ###....
 Ice Form                 Ice/Tmut       #.......     100%        4    ###....
 Leda's Liquefaction      Hex/Erth       #.........   100%        4    ###....
 Passage of Golubria      Tloc           N/A          100%        4    ###....
 Summon Ice Beast         Ice/Summ       #.......     100%        4    ###....
 Summon Lightning Spire   Summ/Air       #.......     100%        4    ###....
 Agony                    Necr           #.......     100%        5    #####..
 Alistair's Intoxication  Tmut/Pois      #.......     100%        5    #####..
 Bolt of Magma            Conj/Fire/Erth #.........   100%        5    #####..
 Borgnjor's Vile Clutch   Necr/Erth      #.........   100%        5    #####..
 Excruciating Wounds      Chrm/Necr      #.........   100%        5    #####..
 Lee's Rapid Deconstruct  Erth           #.........   100%        5    #####..
 Metabolic Englaciation   Hex/Ice        #.........   100%        5    #####..
 Silence                  Hex/Air        #.........   100%        5    #####..
 Summon Mana Viper        Hex/Summ       #.......     100%        5    #####..
 Darkness                 Hex            #.........   100%        6    ######.
 Freezing Cloud           Conj/Ice/Air   #.........   100%        6    ######.
 Invisibility             Hex            #.......     100%        6    ######.
 Iron Shot                Conj/Erth      #.........   100%        6    ######.
 Ozocubu's Refrigeration  Ice            #.........   100%        6    ######.
 Shadow Creatures         Summ           N/A          100%        6    ######.
 Simulacrum               Ice/Necr       #.........   100%        6    ######.
 Statue Form              Tmut/Erth      #........    100%        6    ######.
 Haunt                    Necr/Summ      #.........   100%        7    #######
 Ring of Flames           Chrm/Fire      #.........   100%        7    #######
 Spellforged Servitor     Conj/Summ      #.........   100%        7    #######
 Summon Hydra             Summ           #.........   100%        7    #######
 Ignition                 Fire           #.........   100%        8    #######
 Shatter                  Erth           #.........   100%        9    #######


Dungeon Overview and Level Annotations

Branches:
Dungeon (15/15)            Temple (1/1) D:5            Lair (6/6) D:10
 Shoals (4/4) Lair:4       Spider (4/4) Lair:2        Slime (0/5) Lair:5
    Orc (2/2) D:9             Elf (3/3) Orc:2        Vaults (5/5) D:14
  Crypt (3/3) Vaults:2       Tomb (0/3) Crypt:3      Depths (5/5) D:15
    Zot (0/5) Depths:5      IceCv (visited)         Gauntlet (visited)

Altars:
Cheibriados
Elyvilon
Fedhas
Hepliaklqana
Kikubaaqudgha
Makhleb
Nemelex Xobeh
Okawaru
Qazlal
Sif Muna
Trog
Xom
Yredelemnul
Zin
The Shining One
Beogh
Jiyva
Lugonu

Shops:
D:5 *   D:7 *   D:13 [   D:14 *   Orc:2 (*}!   Elf:1 *   Shoals:1 }
Vaults:1 (   Vaults:2 %(   Vaults:3 *

Portals:
Hell: Depths:1 Depths:2 Depths:3 Depths:4 Depths:5
Abyss: Depths:3 Depths:4
Pandemonium: Depths:2 Depths:3 Depths:5
Ziggurat: Depths:5

Annotations:
D:7 2 transporters, qipq's ghost, novice OpWz
D:9 2 transporters, Riedunkau's ghost, journeyman GnSk
Lair:2 3 runed translucent doors, Askman's ghost, journeyman TrMo
Lair:3 exclusion: oklob plant
Lair:5 1 runed translucent door, 2 transporters, Vuriat's ghost, journeyman MiFi
Vaults:5 Boris
Crypt:2 1 runed translucent door, Util's ghost, veteran MiBe
Depths:2 2 transporters, 1 runed translucent door, Dayj's ghost, master KoEn
Depths:5 2 transporters, Nommasea's ghost, adept DsNe


Innate Abilities, Weirdness & Mutations

You have hooves in place of feet.
You are completely covered in iridescent scales. (AC +6)
A powerful demonic guardian rushes to your aid.
You resist negative energy. (rN+)
You are completely covered in sharp spines.
You possess an exceptional clarity of mind.
Your mind is acute. (Int +2)
Your flesh is heat resistant. (rF+)


Message History

Your Executioner barely misses the tengu reaver. x2
The blink frog blinks!
Your Executioner hits the tengu reaver.
Your Executioner closely misses the tengu reaver.
Your Executioner hits the tengu reaver but does no damage.
You hear some strange, mumbled words.
An iron shot appears from out of thin air!
The iron shot hits you!!!
* * * LOW HITPOINT WARNING * * *
A vault warden comes into view. It is wielding a +0 long sword.
The tengu reaver is struck by your spines.
The tengu reaver hits you with a +0 great mace.
* * * LOW HITPOINT WARNING * * *
The tengu reaver closely misses you.
The tengu reaver claws you but does no damage.
Your Executioner hits the tengu reaver.
Your Executioner closely misses the tengu reaver.
The tengu reaver blocks your Executioner's attack.
Something conjures a glowing orb.
The wavering orb of destruction weakly hits you!
You die...

......)<<)..)..).
############..e[)).=#####
'..........[))....))).(.. #
#..........p#....#.)..).
##( #..........#....#).....
#[.. #?....[*..#....#......
.....###.)...*.#....#......
.......#§Q)Q1..#....#......
..)...((☼#@....#....#......
.......*Q###...#....#......
^......2.(.##..# #.....#
.%.........)##.# #...###
..[.C.......(#'# #...
...[........## #
........(..## .........###


You could see a vault warden, 2 tengu reavers, a deep elf elementalist (fast,
repels missiles), 2 battlespheres and a friendly Executioner (summoned, fast).

Vanquished Creatures
  An ancient lich (Crypt:2)
  Sojobo (Vaults:4)
  Margery (Vaults:3)
  A caustic shrike (Depths:4)
  4 golden dragons
  Nikola (Elf:1)
  2 bone dragons
  5 liches
  Jorgrun (D:13)
  A tentacled monstrosity (Depths:4)
  2 deep elf blademasters (Elf:3)
  Asterion (Spider:2)
  7 titans
  A kraken (Shoals:3)
  3 quicksilver dragons
  A deep elf master archer (Elf:3)
  An ancient champion (Crypt:1)
  Polyphemus (Shoals:3)
  A tentacled starspawn (Abyss:4)
  2 sphinxes
  6 shadow dragons
  Agnes (Spider:2)
  7 tengu reavers
  A storm dragon (Vaults:5)
  3 revenants (Crypt:3)
  7 frost giants
  3 iron dragons
  A draconian scorcher (Depths:5)
  11 vault wardens
  5 ghost moths
  6 deep elf sorcerers
  Louise (Shoals:3)
  Aizul (Crypt:1)
  4 emperor scorpions
  An orc warlord (Orc:2)
  6 fire giants
  A balrug (Depths:4)
  6 deep elf elementalists
  A draconian shifter (Depths:5)
  A curse skull (Crypt:1)
  11 ironheart preservers
  5 spriggan defenders
  20 stone giants
  A juggernaut skeleton (Crypt:1)
  A war gargoyle (Vaults:5)
  28 very ugly things
  2 entropy weavers
  12 vampire knights
  A green draconian (Depths:5)
  A minotaur (Gauntlet)
  9 deep elf annihilators
  4 deep elf demonologists
  2 black draconians (Depths:5)
  2 purple draconians (Depths:5)
  4 spark wasps
  7 eidola
  13 ettins
  A blizzard demon (IceCv)
  7 merfolk impalers
  9 fire dragons
  A crystal guardian (Vaults:4)
  11 deep elf death magi
  A merfolk javelineer (Shoals:4)
  3 deep elf high priests
  13 jiangshi
  13 yaktaur captains
  6 great orbs of eyes
  11 ice dragons
  24 vault guards
  5 rakshasas
  9 hydras
  A spectral shadow dragon (Crypt:3)
  6 spriggan air magi
  3 catoblepae
  47 two-headed ogres
  3 merfolk avatars
  3 death knights
  28 dancing weapons
  8 tengu warriors
  18 centaur warriors
  2 merfolk aquamancers
  17 death yaks
  9 vampire magi
  11 ogre magi
  11 deep troll shamans
  8 deep troll earth magi
  2 hell hogs (Depths:1)
  A satyr (Shoals:2)
  5 orc high priests
  A soul eater (Crypt:3)
  18 deep elf knights
  7 spriggan berserkers
  3 thrashing horrors
  5 hell knights
  2 storm dragon zombies
  16 skeletal warriors
  21 shadow wraiths
  9 flayed ghosts
  A salamander mystic (Depths:4)
  5 unseen horrors
  2 wretched stars
  12 sea snakes
  A ghost moth zombie (Crypt:1)
  4 glowing orange brains
  A golden dragon skeleton (Crypt:1)
  4 wizards
  20 deep trolls
  3 iron trolls
  8 orc knights
  21 phantasmal warriors
  16 deep elf archers
  9 large abominations
  Pikel (D:7)
  4 harpies
  11 ironbrand convokers
  A lindwurm (Lair:6)
  2 necromancers
  11 orb spiders
  A shadow dragon zombie (Crypt:2)
  4 salamanders (Depths:4)
  4 orc sorcerers
  62 deep elf magi
  27 wolf spiders
  A stone giant zombie (Crypt:2)
  8 cyclopes
  11 fauns
  3 worldbinders
  A faun (shapeshifter) (Vaults:4)
  A fire giant zombie (Crypt:3)
  16 manticores
  29 ugly things
  2 water nymphs (shapeshifter) (Elf:1)
  6 moths of wrath
  9 elephants
  A black mamba (shapeshifter) (D:15)
  7 water nymphs
  A human skeleton (Vaults:1)
  An ice statue (IceCv)
  5 merfolk sirens
  6 smoke demons
  Joseph (D:7)
  A black mamba (Lair:4)
  9 vault sentinels
  2 torpor snails (Lair:5)
  2 orange demons
  An emperor scorpion zombie (Crypt:2)
  4 molten gargoyles (Elf:1)
  An apocalypse crab (Gauntlet)
  A gargoyle (D:14)
  8 spiny frogs
  A spiny frog (shapeshifter) (D:15)
  A hellion (Abyss:3)
  2 komodo dragons (shapeshifter)
  A hellwing (Abyss:2)
  21 freezing wraiths
  A rime drake (Lair:4)
  9 demonic crawlers
  A black draconian skeleton (Crypt:2)
  48 yaktaurs
  6 ice devils (IceCv)
  4 komodo dragons
  5 anaconda simulacra (IceCv)
  An ancient zyme (Abyss:3)
  4 guardian mummies (Crypt:3)
  4 tengu conjurers
  A queen bee (Gauntlet)
  31 jumping spiders
  2 golden dragon simulacra (IceCv)
  3 meliai (D:15)
  23 merfolk
  14 hornets
  A tyrant leech (shapeshifter) (Depths:4)
  5 polar bears
  12 wind drakes
  4 trolls
  29 blink frogs
  6 snapping turtles
  6 raiju
  A dream sheep (Lair:4)
  A fire giant simulacrum (Vaults:2)
  21 slime creatures
  5 centaur simulacra
  A hippogriff (shapeshifter) (Depths:5)
  24 hippogriffs
  17 flying skulls
  6 spriggans
  A stone giant simulacrum (Vaults:1)
  6 air elementals
  8 shadows
  An elf zombie (Vaults:1)
  A vampire (Abyss:2)
  12 wraiths
  An alligator zombie (Crypt:2)
  18 water elementals
  5 wyverns
  An ice dragon skeleton (Depths:1)
  79 redbacks
  33 tarantellas
  2 ynoxinuls (Abyss:4)
  A dire elephant simulacrum (IceCv)
  A fire elemental (Elf:1)
  3 fire bats (Elf:1)
  A hog (shapeshifter) (Depths:1)
  28 yaks
  4 neqoxecs
  2 basilisks (D:10)
  An infernal demonspawn zombie (Crypt:2)
  5 hungry ghosts (Crypt:3)
  2 death yak simulacra (IceCv)
  2 chaos spawn
  3 iron troll simulacra (IceCv)
  5 insubstantial wisps (Depths:1)
  A soldier ant (D:11)
  5 wargs
  A harpy simulacrum (IceCv)
  A naga (Abyss:4)
  4 acid dragons
  9 hell hounds
  A water moccasin (shapeshifter) (Depths:4)
  3 hydra simulacra (IceCv)
  12 small abominations
  A floating eye (shapeshifter) (D:15)
  11 water moccasins
  A water nymph skeleton (Crypt:1)
  A hornet zombie (D:15)
  A floating eye (Depths:3)
  13 porcupines
  43 orc warriors
  A merfolk skeleton (Crypt:1)
  8 sky beasts
  A slave (D:7)
  A black bear (D:12)
  2 black bears (shapeshifter)
  A dream sheep zombie (Crypt:3)
  A necrophage (D:6)
  An ettin simulacrum (Vaults:3)
  An eye of draining (shapeshifter) (Vaults:4)
  An eye of draining (D:9)
  4 phantoms
  44 ogres
  11 ice beasts
  5 boggarts
  10 wolves
  19 centaurs
  A manticore skeleton (Crypt:3)
  An elf simulacrum (Vaults:1)
  11 crocodiles
  A big kobold (D:8)
  An octopode zombie (Crypt:1)
  A yaktaur skeleton (Crypt:3)
  20 bullfrogs
  A salamander skeleton (Crypt:3)
  2 earth elementals
  A gnoll sergeant (D:5)
  3 scorpions
  A water moccasin skeleton (D:9)
  A raiju skeleton (Crypt:2)
  An elephant simulacrum (IceCv)
  21 killer bees
  A polar bear skeleton (Crypt:3)
  9 wights
  A wolf zombie (Crypt:2)
  A howler monkey (D:9)
  An electric eel (Depths:1)
  4 centaur zombies
  4 crimson imps
  2 draconian simulacra (IceCv)
  3 quasits
  8 hounds
  A human zombie (Crypt:1)
  3 jellies
  31 orc priests
  2 iron imps
  22 orc wizards
  A bullfrog skeleton (D:11)
  2 centaur skeletons
  3 iguanas
  8 worker ants
  7 hell rats (Lair:4)
  A polar bear simulacrum (IceCv)
  A spriggan simulacrum (IceCv)
  2 troll simulacra (IceCv)
  4 lightning spires (Depths:1)
  A killer bee zombie (D:10)
  A crocodile zombie (Crypt:2)
  A dwarf zombie (Crypt:2)
  An acid dragon skeleton (Crypt:2)
  A human simulacrum (Abyss:2)
  A tengu skeleton (Crypt:3)
  2 hound skeletons
  A howler monkey zombie (D:9)
  15 gnolls
  A howler monkey skeleton (Crypt:1)
  12 adders
  4 naga simulacra (IceCv)
  2 ogre simulacra (IceCv)
  2 shadow imps
  4 white imps
  3 ufetubi
  An adder skeleton (D:4)
  An iguana zombie (Crypt:3)
  2 worms (D:2)
  4 leopard geckos
  88 orcs
  2 ball pythons
  4 bats
  A bat skeleton (Crypt:2)
  4 giant cockroaches
  5 goblins
  9 hobgoblins
  5 jackals
  3 quokkas
  A ball python zombie (Crypt:3)
  5 frilled lizards
  13 kobolds
  A quokka zombie (D:5)
  4 rats
  A spectral orc (D:5)
  2 fungi (D:5)
  3 plants
  3 tentacles (Shoals:3)
2156 creatures vanquished.

Vanquished Creatures (collateral kills)
  A juggernaut (Depths:4)
  3 ancient liches
  Bai Suzhen (Spider:4)
  Xtahua (Vaults:5)
  Jory (Crypt:1)
  the Enchantress (Depths:1)
  2 golden dragons (Depths:4)
  3 liches
  A deep elf master archer (Elf:3)
  A titan (Vaults:5)
  A shadow dragon (Vaults:5)
  A tengu reaver (Depths:4)
  An azure jelly (Elf:2)
  2 frost giants
  An orc warlord (Orc:2)
  A fire giant (Depths:4)
  2 emperor scorpions (Spider:4)
  A spriggan defender (Depths:4)
  2 very ugly things (Depths:1)
  2 ironheart preservers
  A stone giant (Depths:4)
  A black draconian (Depths:5)
  2 spark wasps
  A merfolk javelineer (Shoals:4)
  2 ettins
  2 great orbs of eyes
  A deep elf death mage (Elf:3)
  2 merfolk impalers
  5 ogre magi
  An ice dragon (Depths:5)
  3 merfolk avatars
  A vault guard (Vaults:5)
  A catoblepas (Shoals:3)
  4 two-headed ogres
  2 death yaks (Shoals:3)
  A deep elf knight (Elf:2)
  2 spriggan berserkers
  A storm dragon zombie (Depths:1)
  A skeletal warrior (Crypt:1)
  A wretched star (Abyss:2)
  A glowing orange brain (Depths:4)
  A deep troll (Depths:2)
  A deep elf archer (Elf:3)
  A harpy (shapeshifter) (Depths:4)
  2 orc knights
  An ironbrand convoker (Vaults:2)
  2 deep elf magi
  2 necromancers
  3 orb spiders
  2 wolf spiders (Spider:4)
  3 fauns (Shoals:2)
  4 ugly things
  An elephant (Lair:6)
  A water nymph (Shoals:1)
  2 spiny frogs
  A demonic crawler (Spider:3)
  4 yaktaurs
  A freezing wraith (Crypt:3)
  2 jumping spiders (Spider:2)
  3 merfolk
  A raiju (Abyss:4)
  A snapping turtle (Shoals:1)
  2 blink frogs (Lair:3)
  9 redbacks
  2 tarantellas
  A wyvern (D:8)
  A shadow (Crypt:3)
  4 yaks
  A basilisk (D:10)
  A warg (Vaults:3)
  A porcupine (D:10)
  5 orc warriors (Orc:2)
  A sky beast (Depths:1)
  5 ogres
  A crocodile (Lair:4)
  A bullfrog (D:15)
  2 orc priests
  2 orc wizards
  An adder skeleton (D:3)
  11 orcs
  A plant (Shoals:2)
156 creatures vanquished.

Vanquished Creatures (others)
  A deep elf knight (Elf:3)
  3 deep elf magi
  A slime creature (Depths:3)
  A slave (D:7)
  A human (D:3)
  A centaur (D:7)
  A small abomination (Abyss:4)
  5 electric eels (Depths:1)
  A worker ant (D:7)
  4 ufetubi (IceCv)
  3 ball lightnings (Depths:1)
  2 bushes
  10 fungi
  20 plants
  3 tentacles (Shoals:3)
  A withered plant (Gauntlet)
58 creatures vanquished.

Grand Total: 2370 creatures vanquished

Notes
Turn   | Place    | Note
-------+----------+-------------------------------------------
     0 | D:1      | Morbidden the Demonspawn Fighter began the quest for the
                  | Orb.
     0 | D:1      | Reached XP level 1. HP: 18/18 MP: 1/1
   173 | D:1      | Gained mutation: You are partially covered in sharp spines.
                  | [demonic ancestry]
   173 | D:1      | Reached XP level 2. HP: 24/24 MP: 2/2
   849 | D:2      | Gained mutation: You are partially covered in iridescent
                  | scales. (AC +2) [demonic ancestry]
   849 | D:2      | Reached XP level 3. HP: 27/29 MP: 3/3
   949 | D:2      | You fall into a shaft and drop 2 floors!
   979 | D:4      | Found a stormy altar of Qazlal.
  1042 | D:4      | Reached skill level 3 in Shields
  1225 | D:4      | Gained mutation: A weak demonic guardian rushes to your
                  | aid. [demonic ancestry]
  1225 | D:4      | Reached XP level 4. HP: 23/35 MP: 4/4
  1601 | D:4      | Found a white marble altar of Elyvilon.
  1759 | D:2      | Gained mutation: You have large cloven feet. [demonic
                  | ancestry]
  1759 | D:2      | Reached XP level 5. HP: 40/41 MP: 5/5
  1776 | D:2      | Found an iron altar of Okawaru.
  2203 | D:3      | Reached skill level 1 in Dodging
  2451 | D:3      | Found a faded altar of an unknown god.
  2479 | D:3      | Found an ancient bone altar of Kikubaaqudgha.
  2482 | D:3      | Noticed a human
  2483 | D:3      | Killed a human
  2662 | D:5      | Entered Level 5 of the Dungeon
  2705 | D:4      | Noticed an ogre
  2815 | D:4      | Killed an ogre
  2815 | D:4      | Reached XP level 6. HP: 48/48 MP: 6/6
  2840 | D:4      | Noticed an orc warrior
  2843 | D:4      | Reached skill level 1 in Throwing
  3295 | D:4      | Killed an orc warrior
  3660 | D:5      | Found Beumuz's General Store.
  3664 | D:5      | Bought a scroll of magic mapping for 35 gold pieces
  3737 | D:5      | Found a blossoming altar of Fedhas.
  3850 | D:5      | Found a basalt altar of Yredelemnul.
  4045 | D:5      | Found a glowing silver altar of Zin.
  4079 | D:5      | Reached skill level 5 in Long Blades
  4079 | D:5      | Reached XP level 7. HP: 52/54 MP: 7/7
  4081 | D:5      | Found a staircase to the Ecumenical Temple.
  4101 | Temple   | Entered the Ecumenical Temple
  4139 | Temple   | Became a worshipper of Cheibriados the Contemplative
  4245 | D:5      | Reached skill level 1 in Invocations
  4717 | D:6      | Reached XP level 8. HP: 60/61 MP: 9/9
  4839 | D:6      | Reached skill level 1 in Short Blades
  4839 | D:6      | Reached skill level 4 in Shields
  4842 | D:6      | Reached * piety under Cheibriados
  4842 | D:6      | Reached skill level 5 in Armour
  5112 | D:7      | Found a transporter.
  5114 | D:7      | Found a transporter.
  5114 | D:7      | Noticed qipq's ghost (novice OpWz)
  5115 | D:7      | Noticed a hornet
  5393 | D:7      | Noticed Pikel
  5407 | D:7      | Killed Pikel
  5407 | D:7      | Reached skill level 5 in Fighting
  5410 | D:7      | Gained mutation: You have hoof-like feet. [demonic
                  | ancestry]
  5410 | D:7      | Reached XP level 9. HP: 67/68 MP: 10/12
  5660 | D:7      | Noticed Joseph
  5669 | D:7      | Killed Joseph
  5776 | D:7      | Found Giuh Houfog's Assorted Antiques.
  5782 | D:7      | Bought an emerald ring for 95 gold pieces
  5782 | D:7      | Bought a runed diamond ring for 95 gold pieces
  5917 | D:7      | Found a burning altar of Makhleb.
  6050 | D:8      | Reached skill level 5 in Shields
  6055 | D:8      | Reached skill level 5 in Invocations
  6475 | D:8      | Reached ** piety under Cheibriados
  7183 | D:9      | Found a transporter.
  7187 | D:9      | Found a transporter.
  7193 | D:9      | Noticed Riedunkau's ghost (journeyman GnSk)
  7194 | D:9      | Noticed a moth of wrath
  7362 | D:9      | Gained mutation: You are mostly covered in sharp spines.
                  | [demonic ancestry]
  7362 | D:9      | Reached XP level 10. HP: 65/76 MP: 14/14
  7433 | D:9      | Reached *** piety under Cheibriados
  7492 | D:9      | Found a staircase to the Orcish Mines.
  7610 | D:9      | Found a transporter.
  7682 | D:9      | Got a pair of brightly glowing boots
  7695 | D:9      | Identified the +2 pair of boots of Levity {rN+ rCorr Str-4}
                  | (You found it on level 9 of the Dungeon)
  7699 | D:9      | Found a transporter.
  8364 | D:10     | Entered Level 10 of the Dungeon
  8558 | D:10     | Reached skill level 6 in Shields
  8565 | D:10     | Reached **** piety under Cheibriados
  8818 | D:10     | Gained mutation: You are mostly covered in iridescent
                  | scales. (AC +4) [demonic ancestry]
  8818 | D:10     | Reached XP level 11. HP: 54/84 MP: 16/16
  8819 | D:10     | Found a staircase to the Lair.
  9139 | D:10     | Noticed a two-headed ogre
  9146 | D:10     | Killed a two-headed ogre
  9196 | D:10     | Reached ***** piety under Cheibriados
  9589 | Lair:1   | Entered Level 1 of the Lair of Beasts
  9731 | Lair:1   | Reached skill level 7 in Shields
 10892 | Lair:2   | Found a runed translucent gate.
 10915 | Lair:2   | Found a runed translucent gate.
 10915 | Lair:2   | Found a runed translucent gate.
 10918 | Lair:2   | Noticed Askman's ghost (journeyman TrMo)
 11060 | Lair:2   | Found a hole to the Spider Nest.
 11238 | Lair:2   | Reached ****** piety under Cheibriados
 11243 | Lair:2   | Gained mutation: You are completely covered in sharp
                  | spines. [demonic ancestry]
 11243 | Lair:2   | Reached XP level 12. HP: 85/94 MP: 18/18
 11257 | Lair:2   | Reached skill level 8 in Shields
 11816 | Lair:3   | Reached skill level 10 in Long Blades
 12871 | Lair:4   | Noticed an eight-headed hydra
 12883 | Lair:4   | Killed an eight-headed hydra
 13185 | Lair:4   | Found a staircase to the Shoals.
 13185 | Lair:4   | Noticed a six-headed hydra
 13201 | Lair:4   | Killed a six-headed hydra
 13201 | Lair:4   | Reached skill level 9 in Shields
 13477 | Lair:4   | Noticed a seven-headed hydra
 13488 | Lair:4   | Killed an eight-headed hydra
 13831 | Lair:4   | Noticed a catoblepas
 13831 | Lair:4   | Noticed a five-headed hydra
 13853 | Lair:4   | Killed a catoblepas
 13853 | Lair:4   | Reached skill level 10 in Invocations
 13880 | Lair:4   | Killed a five-headed hydra
 13880 | Lair:4   | Reached skill level 5 in Short Blades
 14274 | Lair:4   | Noticed a catoblepas
 14303 | Lair:4   | Killed a catoblepas
 14399 | Lair:4   | Noticed a five-headed hydra
 14399 | Lair:4   | Noticed a death yak
 14418 | Lair:4   | Killed a death yak
 14418 | Lair:4   | Reached skill level 10 in Shields
 14425 | Lair:4   | Killed a seven-headed hydra
 14425 | Lair:4   | Gained mutation: You have hooves in place of feet. [demonic
                  | ancestry]
 14425 | Lair:4   | Reached XP level 13. HP: 101/101 MP: 20/20
 14464 | Lair:5   | Found a runed translucent door.
 14464 | Lair:5   | Found a viscous altar of Jiyva.
 14464 | Lair:5   | Found a staircase to the Slime Pits.
 14464 | Lair:5   | Noticed an azure jelly
 14464 | Lair:5   | Noticed an azure jelly
 14464 | Lair:5   | Noticed an azure jelly
 15066 | Lair:5   | Found a snail-covered altar of Cheibriados.
 15230 | Lair:5   | Got a pair of polished gloves
 15241 | Lair:5   | Identified the +0 pair of gloves "Bojoung" {rElec Str-5
                  | Int-3 Dex+10} (You found it on level 5 of the Lair of
                  | Beasts)
 15312 | Lair:5   | Identified the +6 demon trident of Karma {antimagic, rPois
                  | rC+}
 15313 | Lair:5   | Noticed Vuriat's ghost (journeyman MiFi)
 15313 | Lair:5   | Identified the +3 demon trident of the Known World {flame,
                  | rElec rF+}
 15317 | Lair:5   | Found a transporter.
 15320 | Lair:5   | Found a bloodstained altar of Trog.
 15320 | Lair:5   | Identified the cursed +1 morningstar "Killer Bee's Peril"
                  | {drain, *Slow rC- MR+++ SInv}
 15331 | Lair:5   | Found a transporter.
 15966 | Lair:6   | Entered Level 6 of the Lair of Beasts
 16011 | Lair:5   | Reached skill level 11 in Shields
 16474 | Lair:6   | Gained mutation: You are completely covered in iridescent
                  | scales. (AC +6) [demonic ancestry]
 16474 | Lair:6   | Reached XP level 14. HP: 109/109 MP: 22/22
 16901 | Lair:6   | Reached skill level 10 in Fighting
 17111 | Lair:6   | Identified the Catalogue of the Blaze and Calling
 17494 | D:11     | Reached skill level 12 in Shields
 18067 | D:11     | Identified Nuegrat's Guide on Bewitchment and Evil Magic
 19213 | D:13     | Found Vesomm's Armour Shoppe.
 19402 | D:13     | Noticed Jorgrun
 19418 | D:13     | Killed Jorgrun
 20013 | D:14     | Found Boilimn's Assorted Antiques.
 20020 | D:14     | Found a gate to the Vaults.
 20557 | D:14     | Reached skill level 13 in Shields
 20769 | D:15     | Entered Level 15 of the Dungeon
 20848 | D:15     | Gained mutation: A demonic guardian rushes to your aid.
                  | [demonic ancestry]
 20848 | D:15     | Reached XP level 15. HP: 70/117 MP: 24/24
 21970 | D:15     | Paralysed by a floating eye for 4 turns
 22115 | D:15     | Found a staircase to the Depths.
 22376 | Orc:1    | Entered Level 1 of the Orcish Mines
 22431 | Orc:1    | Found a roughly hewn altar of Beogh.
 22818 | Orc:2    | Entered Level 2 of the Orcish Mines
 22818 | Orc:2    | Noticed an orc warlord
 22833 | Orc:2    | Killed an orc warlord
 22845 | Orc:2    | Found a staircase to the Elven Halls.
 22864 | Orc:2    | Found a gate leading to a gauntlet.
 22881 | Gauntlet | Entered a Gauntlet
 22881 | Gauntlet | Found a transporter.
 22929 | Gauntlet | Found a transporter.
 22944 | Gauntlet | Found a transporter.
 22949 | Gauntlet | Found a transporter.
 22964 | Gauntlet | Found a transporter.
 22983 | Gauntlet | Found a transporter.
 23055 | Gauntlet | Found a transporter.
 23067 | Gauntlet | Found a transporter.
 23076 | Gauntlet | Found a transporter.
 23091 | Gauntlet | Found a transporter.
 23109 | Gauntlet | Found a transporter.
 23127 | Gauntlet | Found a transporter.
 23129 | Gauntlet | Found a transporter.
 23189 | Gauntlet | Found a transporter.
 23191 | Gauntlet | Found a transporter.
 23193 | Gauntlet | Found a transporter.
 23232 | Gauntlet | Found a transporter.
 23232 | Gauntlet | Found a transporter.
 23406 | Gauntlet | Got a shimmering cloak
 23418 | Gauntlet | Identified the +0 cloak "Suasiaj" {Int+5} (You found it in
                  | a Gauntlet)
 24536 | Orc:2    | Found Bidujiowe's Antique Weapon Emporium.
 24537 | Orc:2    | Found Fuepn's Gadget Shoppe.
 24538 | Orc:2    | Found Cahivec's Distillery.
 24541 | Orc:2    | Found Syhuafos's Assorted Antiques.
 24552 | Orc:2    | Bought a potion of heal wounds for 60 gold pieces
 24599 | Orc:2    | Noticed an orc warlord
 24620 | Orc:2    | Killed an orc warlord
 25197 | Spider:1 | Entered Level 1 of the Spider Nest
 25234 | Spider:1 | Reached skill level 5 in Throwing
 25600 | Spider:1 | Reached skill level 14 in Shields
 25877 | Spider:1 | Reached skill level 10 in Armour
 26479 | Spider:1 | Reached XP level 16. HP: 112/125 MP: 25/25
 27129 | Spider:2 | Noticed Agnes
 27142 | Spider:2 | Killed Agnes
 27407 | Spider:2 | Noticed Asterion
 27428 | Spider:2 | Killed Asterion
 27733 | Spider:2 | Reached skill level 15 in Shields
 29026 | Spider:4 | Entered Level 4 of the Spider Nest
 29063 | Spider:4 | Noticed Bai Suzhen
 29077 | Spider:4 | Killed Bai Suzhen
 29144 | Spider:4 | Reached skill level 1 in Stealth
 29974 | Spider:4 | Reached skill level 16 in Shields
 29974 | Spider:4 | Reached XP level 17. HP: 40/133 MP: 0/26
 31246 | Spider:4 | Got a gossamer rune of Zot
 31655 | Elf:1    | Entered Level 1 of the Elven Halls
 32412 | Elf:1    | Noticed Nikola
 32424 | Elf:1    | Killed Nikola
 32699 | Elf:1    | Found Avosyor's General Store.
 32972 | Elf:1    | Identified the Disquisition on Creative Confrontation
 33151 | Elf:2    | Found a frozen archway.
 33157 | IceCv    | Entered an ice cave
 34575 | IceCv    | Reached skill level 17 in Shields
 34712 | IceCv    | Got a polished hat
 34724 | IceCv    | Identified the +2 hat of the Monkey {rF+ rN+ Str-4} (You
                  | found it in an ice cave)
 35745 | Elf:2    | Found a huge runed translucent gate.
 35745 | Elf:2    | Found a huge runed translucent gate.
 35745 | Elf:2    | Found a huge runed translucent gate.
 35745 | Elf:2    | Found a huge runed translucent gate.
 35745 | Elf:2    | Found a huge runed translucent gate.
 35809 | Elf:2    | Gained mutation: You resist negative energy. (rN+) [demonic
                  | ancestry]
 35809 | Elf:2    | Reached XP level 18. HP: 138/142 MP: 28/28
 36115 | Shoals:1 | Entered Level 1 of the Shoals
 36265 | Shoals:1 | Found Fenisal's Gadget Boutique.
 36589 | Shoals:1 | Found a runed translucent door.
 36791 | Shoals:1 | Identified the cursed +3 falchion of Blind Justice {vorpal,
                  | rPois MR+ Int+3} (You found it on level 1 of the Shoals)
 38293 | Shoals:3 | Noticed Polyphemus
 38323 | Shoals:3 | Reached skill level 18 in Shields
 38327 | Shoals:3 | Killed Polyphemus
 38431 | Shoals:3 | Found a glowing silver altar of Zin.
 38527 | Shoals:3 | Noticed Louise
 38527 | Shoals:3 | Cast into level 3 of the Abyss (Louise)
 38601 | Shoals:3 | Escaped the Abyss
 38671 | Shoals:3 | Cast into level 2 of the Abyss (Louise)
 38817 | Abyss:2  | Paralysed by a great orb of eyes for 4 turns
 39091 | Shoals:3 | Escaped the Abyss
 39380 | Shoals:3 | Cast into level 3 of the Abyss (Louise)
 39381 | Abyss:3  | Found a corrupted altar of Lugonu.
 39474 | Abyss:5  | Entered Level 5 of the Abyss
 39495 | Shoals:3 | Escaped the Abyss
 39508 | Shoals:3 | Killed Louise
 39597 | Shoals:4 | Entered Level 4 of the Shoals
 40331 | Shoals:4 | Got a scorched golden ring
 40332 | Shoals:4 | Identified the ring of Trepidation {AC+4 Stlth+} (You found
                  | it on level 4 of the Shoals)
 41298 | Shoals:4 | Got a barnacled rune of Zot
 41369 | Shoals:4 | Reached XP level 19. HP: 150/150 MP: 29/29
 41969 | Vaults:1 | Entered Level 1 of the Vaults
 42731 | Vaults:1 | Reached skill level 19 in Shields
 42867 | Vaults:1 | Found Hufatyv's Weapon Shop.
 43336 | Vaults:1 | HP: 4/151 [ogre mage/bolt of lightning (16)]
 44201 | Vaults:2 | Reached skill level 5 in Dodging
 44360 | Vaults:2 | Identified 2 scrolls of acquirement
 44426 | Vaults:2 | Found Feomos's Antique Weapon Shoppe.
 44957 | Vaults:2 | Reached skill level 1 in Evocations
 45099 | Vaults:2 | Found Bopa's Food Shop.
 45635 | Vaults:2 | Found a staircase to the Crypt.
 45841 | Vaults:2 | Reached XP level 20. HP: 159/159 MP: 30/30
 46530 | Vaults:3 | Paralysed by an orc sorcerer for 5 turns
 46793 | Vaults:3 | Reached skill level 20 in Shields
 46894 | Vaults:3 | Noticed Margery
 46902 | Vaults:3 | Killed Margery
 47398 | Vaults:3 | Found Ajuof's Assorted Antiques.
 48209 | Vaults:4 | Reached skill level 10 in Throwing
 48252 | Vaults:4 | Noticed Sojobo
 48283 | Vaults:4 | Killed Sojobo
 48312 | Vaults:4 | Reached skill level 15 in Fighting
 48963 | Vaults:4 | Found a burning altar of Makhleb.
 50244 | Elf:2    | Reached XP level 21. HP: 168/168 MP: 31/31
 50484 | Elf:1    | Bought a +1 hand crossbow of flaming for 252 gold pieces
 50484 | Elf:1    | Bought a scroll of brand weapon for 380 gold pieces
 50529 | Elf:3    | Entered Level 3 of the Elven Halls
 50630 | Elf:3    | Reached skill level 21 in Shields
 51319 | Elf:3    | Identified the +9 mace "Later" {vorpal, rElec rF+ Str+2}
 51319 | Elf:3    | Identified the ring "Hereno Hier" {rF+ rC- MR+ Str+4
                  | Stlth-}
 51892 | Elf:3    | Cast into level 3 of the Abyss (a deep elf sorcerer)
 52611 | Abyss:4  | Gained mutation: You occasionally shout uncontrollably at
                  | your foes. [a neqoxec]
 52611 | Abyss:4  | Gained mutation: You are frail. (-10% HP) [a neqoxec]
 52613 | Abyss:4  | Gained mutation: You are weak. (Str -2) [a neqoxec]
 52688 | Elf:3    | Escaped the Abyss
 52711 | Elf:3    | Identified the ring "Vankan" {*Slow +Inv rElec rN+ MP+9}
 52897 | Elf:3    | Identified the cursed +3 hunting sling "Affoicro" {venom,
                  | rPois rF+ rN++ Str-4} (You found it on level 3 of the Elven
                  | Halls)
 52900 | Elf:3    | Identified the +7 hand crossbow of Kismet {vorpal, rPois
                  | MR- Int+5 Dex+3} (You found it on level 3 of the Elven
                  | Halls)
 53506 | Depths:1 | Entered Level 1 of the Depths
 53698 | Depths:1 | Noticed the Enchantress
 54611 | Depths:2 | Found a transporter.
 54615 | Depths:2 | Found a transporter.
 54615 | Depths:2 | Found a corrupted altar of Lugonu.
 54644 | Depths:2 | Found a runed translucent door.
 54645 | Depths:2 | Found a shimmering altar of Xom.
 54645 | Depths:2 | Noticed Dayj's ghost (master KoEn)
 54758 | Depths:2 | Found a one-way gate leading to the halls of Pandemonium.
 54884 | Depths:2 | Found a gateway to Hell.
 54887 | Depths:2 | Gained mutation: A powerful demonic guardian rushes to your
                  | aid. [demonic ancestry]
 54887 | Depths:2 | Reached XP level 22. HP: 161/161 MP: 32/32
 54922 | Depths:2 | Lost mutation: You are weak. (Str -2) [potion of mutation]
 54922 | Depths:2 | Lost mutation: You occasionally shout uncontrollably at
                  | your foes. [potion of mutation]
 54922 | Depths:2 | Gained mutation: Your flesh is heat resistant. (rF+)
                  | [potion of mutation]
 54922 | Depths:2 | Gained mutation: You have a pair of small antennae on your
                  | head. [potion of mutation]
 54923 | Depths:2 | Lost mutation: You have a pair of small antennae on your
                  | head. [potion of mutation]
 54923 | Depths:2 | Lost mutation: You are frail. (-10% HP) [potion of
                  | mutation]
 54923 | Depths:2 | Gained mutation: Your mind is acute. (Int +2) [potion of
                  | mutation]
 54923 | Depths:2 | Gained mutation: You tend to lose your temper in combat.
                  | [potion of mutation]
 54923 | Depths:2 | Lost mutation: You tend to lose your temper in combat.
                  | [potion of mutation]
 54923 | Depths:2 | Gained mutation: You possess an exceptional clarity of
                  | mind. [potion of mutation]
 55213 | Depths:1 | Reached skill level 22 in Shields
 55344 | Depths:1 | Killed the Enchantress
 55959 | Depths:1 | Found a runed translucent door.
 56789 | Depths:3 | Paralysed by a vampire knight for 2 turns
 57194 | Depths:3 | Found a one-way gate to the infinite horrors of the Abyss.
 57817 | Depths:3 | Noticed a golden dragon
 57840 | Depths:3 | Killed a golden dragon
 58608 | Depths:4 | Reached skill level 23 in Shields
 58754 | Depths:4 | Reached XP level 23. HP: 188/188 MP: 33/33
 59162 | Depths:4 | Noticed a juggernaut
 59173 | Depths:4 | Killed a juggernaut
 59650 | Depths:4 | Noticed a caustic shrike
 59658 | Depths:4 | Identified the ring "Door" {Wiz rF+ Int+6}
 59668 | Depths:4 | Killed a caustic shrike
 60278 | Depths:4 | Reached skill level 1 in Spellcasting
 60577 | Depths:5 | Entered Level 5 of the Depths
 60701 | Depths:5 | Found a gate to the Realm of Zot.
 61260 | Depths:5 | Paralysed by a lich for 2 turns
 61882 | Depths:5 | Found a transporter.
 61882 | Depths:5 | Noticed a juggernaut
 61882 | Depths:5 | Identified the +7 quick blade of No Interval {elec, Int+4}
 61882 | Depths:5 | Identified the +7 quick blade of Experimentation {holy,
                  | rElec rPois Int-3 Dex-3}
 61883 | Depths:5 | Noticed Nommasea's ghost (adept DsNe)
 61883 | Depths:5 | Noticed a juggernaut
 61883 | Depths:5 | Identified the cursed +2 quick blade "Ronaorgh" {drain,
                  | rElec MR- Str+5 SInv}
 61885 | Depths:5 | Found a transporter.
 61890 | Depths:5 | Found a bloodstained altar of Trog.
 61890 | Depths:5 | Identified the +3 rapier "Faluis" {drain, *Contam rN++}
 61890 | Depths:5 | Identified the cursed +3 rapier of Action {freeze, rElec
                  | Dex+3}
 62080 | Depths:5 | Found a gateway to a ziggurat.
 62500 | Crypt:1  | Entered Level 1 of the Crypt
 62661 | Crypt:1  | Reached XP level 24. HP: 197/197 MP: 33/33
 62663 | Crypt:1  | Reached skill level 24 in Shields
 63110 | Crypt:1  | Reached skill level 10 in Dodging
 63623 | Crypt:1  | Noticed Aizul
 63632 | Crypt:1  | Killed Aizul
 64077 | Crypt:1  | Noticed Jory
 64094 | Crypt:1  | Killed Jory
 64353 | Crypt:1  | You fall into a shaft and drop 1 floor!
 64566 | Crypt:1  | Found a runed translucent door.
 64567 | Crypt:1  | Noticed an ancient lich
 64580 | Crypt:1  | Killed an ancient lich
 64860 | Crypt:2  | Found a runed translucent door.
 64860 | Crypt:2  | Found a shimmering altar of Xom.
 64860 | Crypt:2  | Noticed Util's ghost (veteran MiBe)
 65436 | Crypt:2  | Noticed an ancient lich
 65471 | Crypt:2  | Killed an ancient lich
 65650 | Crypt:3  | Entered Level 3 of the Crypt
 65722 | Crypt:3  | Found a staircase to the Tomb.
 66233 | Crypt:3  | Found the +12 Vampire's Tooth {vamp}
 66947 | Crypt:3  | Found an ancient bone altar of Kikubaaqudgha.
 66989 | Crypt:3  | Reached skill level 5 in Spellcasting
 67691 | Crypt:3  | Found the ring of Robustness {AC+8}
 67708 | Crypt:3  | Identified the Handbook of Dark Secrets
 67715 | Crypt:3  | Got a warped glass ring
 67715 | Crypt:3  | Got a coiled lead ring
 67716 | Crypt:3  | Identified the ring of Dunlat {rC+ rN+} (You found it on
                  | level 3 of the Crypt)
 67718 | Crypt:3  | Identified the ring "Xall" {rF+ rN+ Str-2 Slay+5} (You
                  | found it on level 3 of the Crypt)
 67921 | Vaults:5 | Entered Level 5 of the Vaults
 67941 | Vaults:5 | Reached XP level 25. HP: 180/206 MP: 19/33
 68373 | Vaults:5 | Identified the cursed +0 quarterstaff "Kiusucoe" {freeze,
                  | Stlth+}
 68403 | Vaults:5 | Noticed Xtahua
 68406 | Vaults:5 | Killed Xtahua
 68416 | Vaults:5 | Reached skill level 25 in Shields
 68650 | Vaults:5 | Identified the +6 halberd of Infinite Pain {vorpal, rPois
                  | Int+4 Dex-2}
 68721 | Vaults:5 | Noticed an ancient lich
 68724 | Vaults:5 | Reached skill level 15 in Armour
 68735 | Vaults:5 | Killed an ancient lich
 68750 | Vaults:5 | Identified the ring "Qilofeab" {+Fly rC+ MP-9 Str+9 Slay-2}
 68751 | Vaults:5 | Found the +10 tower shield of Ignorance {rN+ Int-4}
 68780 | Vaults:5 | Noticed Boris
 68784 | Vaults:5 | Noticed an ancient lich
 68798 | Vaults:5 | Killed an ancient lich
 68799 | Vaults:5 | HP: 8/206 [something/iron shot (39)]
 68799 | Vaults:5 | Blown up by Boris

Illustrated notes

Levels and vault maps discovered:
D:1:      dpeg_arrival_simpleton_b, layout_loops_ring, serial_bayou_lake_a
D:2:      layout_loops_cross, nicolae_overflow_crystal_walls
D:3:      layout_rooms, chequers_ecumenical_altar_simple_redux, first_ration,
          tgw_kikubaaqudgha
D:4:      layout_basic, grunt_qazlal_sundering, lemuel_crystal_altar
D:5:      wander_river, layout_loops_ring, fedhas_altar_3,
          yredelemnul_forgotten_temple_becter, minmay_temple_entry_wispy,
          serial_shops, shop, lemuel_statue_altar
D:6:      layout_rooms
D:7:      layout_loops_ring, overflow_temple_1_default, gammafunk_ghost_hive,
          minmay_misc_feat_alley, minmay_shop_grid_forest, uniq_pikel,
          uniq_joseph
D:8:      layout_layer_cave, supply_closet_lemuel
D:9:      gammafunk_cloud_chamber, layout_long_grid, hiddenorc1_lemuel,
          gammafunk_ghost_berserking_beasts
D:10:     layout_roguey, minmay_lair_entry_grove, hangedman_fish_farm
D:11:     minmay_the_grid_triangle_9x9_recursive_2_mashed
          [minmay_the_grid_triangle_9x9_prize_top_heavy,
          minmay_the_grid_triangle_9x9_corrupted_corridor,
          minmay_the_grid_triangle_9x9_empty,
          minmay_the_grid_triangle_9x9_zippers_vertical], layout_basic
D:12:     layout_basic
D:13:     layout_rooms, serial_shops, kennysheep_little_box, uniq_jorgrun
D:14:     minmay_weird_star, layout_irregular_city, serial_bayou_shore_a,
          serial_shops, nicolae_shop_crystal, minmay_misc_feat_x
D:15:     gammafunk_enter_depths_forms, layout_basic
Temple:   regret_index_temple_sphere_string
Lair:1:   layout_small_grid
Lair:2:   layout_loops_ring, dummy_spider_entry, gammafunk_ghost_split,
          uniq_gastronok
Lair:3:   layout_gridlike, lemuel_fruit_tree
Lair:4:   layout_cave_pods, minmay_shoals_entry_beasts, minmay_shattered_shrine,
          grunt_megastairs_2
Lair:5:   layout_hall_layers, slime_altar_2, gammafunk_ghost_wrathful_warriors,
          serial_bayou_pond_e, st_stairs_13, kennysheep_snail_temple,
          grunt_megastairs_4
Lair:6:   grunt_lair_end_beastmaster, layout_hall_layers
Shoals:1: layout_shoals, serial_shops, nicolae_shop_stone, lightli_airlock
Shoals:2: layout_shoals
Shoals:3: layout_shoals, lemuel_altar_in_water, uniq_louise, uniq_polyphemus
Shoals:4: shoals_end_grunt_ice, layout_shoals
Spider:1: layout_chambers
Spider:2: layout_spider_delve, nicolae_spider_cling_halls, uniq_asterion,
          uniq_agnes
Spider:3: layout_spider_delve, drop_trap
Spider:4: grunt_spider_rune_parallel, uniq_bai_suzhen
Orc:1:    layout_diamond_mine, basic_altar, mines2_lemuel
Orc:2:    st_orc_mages, layout_caves, gauntlet_entry_generic
Elf:1:    layout_geoelf_grid, serial_shops, shop, minmay_elf_sorcery,
          minivault_8, uniq_nikola
Elf:2:    layout_geoelf_octagon, portal_ice_cave_entry_horrid_things,
          minivault_20
Elf:3:    minmay_elf_hall_dome, layout_geoelf_diagonals
Vaults:1: grunt_vaults_hallway_short, v_alt_pattern_4,
          hangedman_vaults_corner_blocks, hangedman_vaults_corner, v_misc_28,
          v_misc_11, vaults_standard_mumra_enter_the_diamond, v_misc_18,
          hangedman_vaults_snaps, vaults_room_grid, vaults_dpeg_hooks,
          grunt_vaults_focal, layout_vaults_maze_snakey, serial_shops,
          nicolae_shop_temple_entry_statues_fountains
Vaults:2: nicolae_vaults_little_ls, minmay_crypt_entry_simple_box,
          nicolae_vaults_border_crossing, v_misc_24, nicolae_vaults_asterisk,
          vaults_room_fancy_cross, v_misc_5, nicolae_vaults_sealed_display,
          v_rooms_5, ontoclasm_vaults_ring_small,
          nicolae_vaults_network_barrier, serial_ice_b,
          nicolae_vaults_diagonal_hallway_6, nicolae_vaults_yaktaur_gun_rack,
          layout_vaults_omnicross, serial_shops, nicolae_shop_statue_plus,
          shop_fountains
Vaults:3: v_misc_13, hangedman_vaults_locks, nicolae_vaults_little_squares_6,
          nicolae_vaults_c_with_doors, dpeg_vaults_monster_box,
          vaults_room_corners, nicolae_vaults_theta, layout_vaults_chaotic_city,
          serial_shops, nicolae_shop_crystal, uniq_margery
Vaults:4: nicolae_vaults_rhombus_5, ontoclasm_vaults_eye,
          nicolae_vaults_network_square, nicolae_vaults_specimen_jars,
          v_misc_12, layout_vaults_omnigrid, basic_altar, uniq_sojobo
Vaults:5: uniq_boris, uniq_xtahua
Crypt:1:  cheibrodos_crypt_cold_storage, layout_misc_corridors,
          columned_hall_lemuel, st_stairs_11, uniq_aizul, uniq_jory
Crypt:2:  layout_misc_corridors, ebering_ghost_xom,
          serial_sigils_hangedman_snap, weyrava_lich_vault
Crypt:3:  church_of_pain_bobbens, layout_chaotic_city,
          tomb_entry_simple_bobbens, minmay_guarded_unrand_vampires_tooth
Depths:1: layout_gridlike, grunt_hell_horde, hex_intersection,
          grunt_decor_arrowhead, grunt_ministairs_3, minmay_misc_feat_chi,
          minmay_misc_feat_encased, drop_trap, minivault_16,
          hangedman_aerie_drop, uniq_enchantress
Depths:2: gammafunk_corrupted_shrine, layout_basic, hell_entry,
          ebering_ghost_xom, pan_entry
Depths:3: minmay_quarter_circles, layout_basic, dk_noncrumbling_2, abyss_entry,
          grunt_pan_entry_in_and_out, hell_entry, kennysheep_windowed_goal,
          minmay_staircase_windowed_small, firewood_loft
Depths:4: evilmike_diamond_2, layout_cave_pools, hellmouth_1,
          grunt_decor_mini_mirrors, abyss_entry_crystal
Depths:5: grunt_zot_entry_tricorne, layout_honeycomb, enter_ziggurat_b,
          hell_entry, gammafunk_ghost_wrathful_warriors, rand_demon_pan_entry_7

Skill      XL: |  1  2  3  4  5  6  7  8  9 10 11 12 13 14 15 16 17 18 19 20 21 22 23 24 25 |
---------------+----------------------------------------------------------------------------+-----
Armour         | 3 4 5 6 7 8 9 10 11 12 13 14 15 | 15.1
Long Blades    | 2 3 4 5 6 8 9 10 11 12 13 | 13.6
Shields        | 3 4 5 6 7 10 11 13 14 16 17 18 19 20 21 23 24 25 | 25.2
Dodging        | 1 2 3 4 5 6 7 9 10 11 | 11.3
Throwing       | 1 2 3 4 5 6 7 8 9 10 11 12 13 14 | 14.2
Fighting       | 4 5 6 7 8 9 10 11 12 13 14 15 16 17 18 | 18.9
Invocations    | 2 4 6 7 9 10 11 12 13 | 13.8
Short Blades   | 2 3 4 5 |  5.4
Stealth        | 1 2 3 4 |  4.1
Evocations     | 1 |  1.2
Spellcasting   | 3 5 6 |  6.5

Action                   |  1- 3 |  4- 6 |  7- 9 | 10-12 | 13-15 | 16-18 | 19-21 | 22-24 | 25-27 || total
-------------------------+-------+-------+-------+-------+-------+-------+-------+-------+-------++-------
Melee: Long sword        |    86 |   107 |    12 |   360 |   342 |   638 |  1253 |  1534 |   182 ||  4514
       Kick              |       |    47 |   107 |    14 |   663 |   853 |   873 |  1126 |   146 ||  3829
       Dagger            |       |    40 |   217 |   368 |   413 |   752 |   116 |    66 |       ||  1972
       Scimitar          |       |       |       |       |   251 |       |       |       |       ||   251
Throw: Boomerang         |       |    19 |     1 |     5 |   137 |   247 |   179 |   227 |    44 ||   859
       Dart              |       |    13 |    19 |       |    22 |   151 |       |       |       ||   205
       Javelin           |       |       |     1 |       |     2 |     2 |       |     8 |     3 ||    16
Invok: Step From Time    |       |       |       |       |     2 |     1 |       |     2 |       ||     5
       Slouch            |       |       |       |       |     4 |     3 |     1 |     6 |       ||    14
Evoke: Wand              |       |       |       |     3 |       |       |     3 |     1 |       ||     7
       Box of beasts     |       |       |       |       |       |       |       |     1 |       ||     1
  Use: Scroll            |       |     1 |     5 |    12 |    22 |    12 |    19 |    12 |     4 ||    87
       Potion            |       |       |       |     6 |     4 |     6 |     5 |     4 |     2 ||    27
 Stab: Invisible         |       |       |       |     1 |       |       |       |       |       ||     1
       Distracted        |       |       |       |     6 |    13 |     6 |    14 |     8 |     1 ||    48
  Eat: Chunk             |     1 |     8 |     8 |    12 |    24 |    11 |    17 |    13 |     1 ||    95
       Ration            |       |       |       |       |       |     4 |     3 |     3 |       ||    10
Armor: Scale mail        |    31 |       |       |       |       |       |       |       |       ||    31
       Chain mail        |       |    52 |       |       |       |       |       |       |       ||    52
       Plate armour      |       |     4 |   114 |   395 |   261 |   486 |   271 |    78 |       ||  1609
       Gold dragon scale |       |       |       |       |       |       |       |   205 |    69 ||   274
Dodge: Dodged            |    30 |    17 |    46 |   144 |   156 |   285 |   311 |   523 |    80 ||  1592
Block: Kite shield       |    44 |    48 |   115 |   252 |       |       |       |       |       ||   459
       Tower shield      |       |       |       |   480 |  1129 |  1766 |  1663 |  2113 |   289 ||  7440
       Reflection        |       |       |       |     2 |    29 |   110 |   193 |   134 |    20 ||   488
       Rpst.: Long sword |    15 |     8 |       |    19 |    11 |    26 |    32 |    54 |     7 ||   172
       Scimitar          |       |       |       |       |     6 |       |       |       |       ||     6

Table legend:
 A = Non-vault XP
 B = Vault XP
 C = Vault XP percentage of total XP
 D = Non-vault monster count
 E = Vault monster count
 F = Vault count percentage of total count
                 A         B        C        D         E       F
            +---------+---------+-------+---------+---------+-------
      Total |  669190 |  570955 |  46.0 |    1529 |     779 |  33.8
            +---------+---------+-------+---------+---------+-------
        D:1 |      36 |       0 |   0.0 |      22 |       0 |   0.0
        D:2 |      57 |       0 |   0.0 |      17 |       0 |   0.0
        D:3 |     119 |       0 |   0.0 |      15 |       0 |   0.0
        D:4 |     504 |       0 |   0.0 |      17 |       0 |   0.0
        D:5 |     328 |       1 |   0.3 |      13 |       1 |   7.1
        D:6 |     657 |       0 |   0.0 |      20 |       0 |   0.0
        D:7 |     842 |    1086 |  56.3 |      12 |       2 |  14.3
        D:8 |    1087 |       0 |   0.0 |      17 |       0 |   0.0
        D:9 |    1646 |    1104 |  40.1 |      22 |      22 |  50.0
       D:10 |    3625 |    2003 |  35.6 |      36 |      13 |  26.5
       D:11 |    2492 |    4169 |  62.6 |      33 |       8 |  19.5
       D:12 |    4781 |       0 |   0.0 |      27 |       0 |   0.0
       D:13 |    4153 |    3205 |  43.6 |      21 |       1 |   4.5
       D:14 |    8201 |       0 |   0.0 |      26 |       0 |   0.0
       D:15 |   12444 |    3957 |  24.1 |      36 |      11 |  23.4
     Lair:1 |    5738 |       0 |   0.0 |      25 |       0 |   0.0
     Lair:2 |    4590 |       0 |   0.0 |      22 |       0 |   0.0
     Lair:3 |    4623 |       0 |   0.0 |      24 |       0 |   0.0
     Lair:4 |    2645 |    8618 |  76.5 |      14 |      17 |  54.8
     Lair:5 |   14487 |     968 |   6.3 |      38 |       3 |   7.3
     Lair:6 |    7888 |   10719 |  57.6 |      22 |      21 |  48.8
   Shoals:1 |   12965 |    4078 |  23.9 |      28 |      11 |  28.2
   Shoals:2 |   14873 |       0 |   0.0 |      31 |       0 |   0.0
   Shoals:3 |    6814 |    6549 |  49.0 |      11 |       6 |  35.3
   Shoals:4 |   11216 |   17555 |  61.0 |      24 |      29 |  54.7
   Spider:1 |   21306 |       0 |   0.0 |      65 |       0 |   0.0
   Spider:2 |   20989 |    4293 |  17.0 |      54 |       2 |   3.6
   Spider:3 |    9425 |     216 |   2.2 |      30 |       1 |   3.2
   Spider:4 |   10955 |   26894 |  71.1 |      31 |      50 |  61.7
      Orc:1 |    1964 |       0 |   0.0 |      20 |       0 |   0.0
      Orc:2 |    6583 |    5557 |  45.8 |      48 |      46 |  48.9
      Elf:1 |   11832 |   13045 |  52.4 |      22 |      18 |  45.0
      Elf:2 |   20460 |   28856 |  58.5 |      29 |      39 |  57.4
      Elf:3 |   19612 |   43412 |  68.9 |      36 |      31 |  46.3
   Vaults:1 |   30374 |   13472 |  30.7 |      56 |      26 |  31.7
   Vaults:2 |   29714 |   21291 |  41.7 |      61 |      30 |  33.0
   Vaults:3 |   24112 |   22875 |  48.7 |      43 |      30 |  41.1
   Vaults:4 |   31477 |   19093 |  37.8 |      49 |      20 |  29.0
   Vaults:5 |   11279 |   98126 |  89.7 |       9 |      62 |  87.3
    Crypt:1 |   26309 |   17122 |  39.4 |      35 |      14 |  28.6
    Crypt:2 |   19498 |   15538 |  44.3 |      31 |       5 |  13.9
    Crypt:3 |   20548 |   55133 |  72.8 |      28 |      83 |  74.8
   Depths:1 |   49715 |   16755 |  25.2 |      67 |      43 |  39.1
   Depths:2 |   34993 |     954 |   2.7 |      50 |       1 |   2.0
   Depths:3 |   19461 |   33992 |  63.6 |      21 |      28 |  57.1
   Depths:4 |   39835 |   40917 |  50.7 |      52 |      29 |  35.8
   Depths:5 |   52126 |   17447 |  25.1 |      47 |      16 |  25.4
    Abyss:2 |   11563 |       0 |   0.0 |      31 |       0 |   0.0
    Abyss:3 |    7863 |       0 |   0.0 |      24 |       0 |   0.0
    Abyss:4 |   10213 |     266 |   2.5 |      16 |       1 |   5.9
    Abyss:5 |     173 |       0 |   0.0 |       1 |       0 |   0.0
      IceCv |       0 |    8607 | 100.0 |       0 |      47 | 100.0
   Gauntlet |       0 |    3082 | 100.0 |       0 |      12 | 100.0
            +---------+---------+-------+---------+---------+-------
